 Dungeon Crawl Stone Soup version 0.29-a0-284-gf9362112df (webtiles) character file.

Game seed: 10992234310192112298

165 avis the Chopper (level 5, -1/48 HPs)
             Began as a Hill Orc Monk on Mar 21, 2022.
             Slain by Crazy Yiuf
             ... wielding a +2 quarterstaff of chaos
              (19 damage)
             ... on level 2 of the Dungeon.
             The game lasted 00:07:43 (3035 turns).

avis the Chopper (Hill Orc Monk)                    Turns: 3035, Time: 00:07:43

Health: -1/48      AC:  8    Str: 14    XL:     5   Next: 46%
Magic:  5/5        EV: 10    Int: 17    God:
Gold:   72         SH:  0    Dex: 13    Spells: 4/4 levels left

rFire   + . .      SeeInvis .   a - +0 hand axe
rCold   . . .      Faith    .   (no shield)
rNeg    . . .      Spirit   .   p - +0 chain mail {rF+}
rPois   .          Reflect  .   (no helmet)
rElec   .          Harm     .   (no cloak)
rCorr   .          Rampage  .   (no gloves)
Will    .....                   (no boots)
Stlth   ..........              l - amulet of the acrobat
HPRegen 0.16/turn               n - ring "Qufept" {EV+4 Int+5}
MPRegen 0.09/turn               (no ring)

@: confused
A: no striking features
a: no special abilities


You were on level 2 of the Dungeon.
You visited 1 branch of the dungeon, and saw 2 of its levels.

You collected 72 gold pieces.

Inventory:

Hand Weapons
 a - a +0 hand axe (weapon)
 g - a +2 dagger of speed
Missiles
 d - 63 stones (quivered)
 h - 4 poisoned darts
 m - 5 silver javelins
Armour
 b - a +0 robe
 p - a +0 chain mail of fire resistance (worn)
Magical Staves
 o - a staff of death
Jewellery
 k - a ring of flight
 l - an amulet of the acrobat (around neck)
 n - the ring "Qufept" (left hand) {EV+4 Int+5}
   (You found it on level 2 of the Dungeon)

   [ring of evasion]

   EV:        It affects your evasion (+4).
   Int:       It affects your intelligence (+5).
Scrolls
 e - a scroll of magic mapping {unknown}
 f - 3 scrolls of identify {unknown}
 q - a scroll of enchant weapon {unknown}
 r - a scroll of vulnerability {unknown}
Potions
 c - a potion of ambrosia
 i - a potion of haste
 j - a potion of brilliance {unknown}


   Skills:
 + Level 5.0 Fighting
 * Level 6.8 Axes
 - Level 2.4 Dodging
 - Level 1.5 Stealth


You had 4 spell levels left.
You didn't know any spells.
Your spell library contained the following spells:

 Spells                   Type           Power      Damage    Failure   Level
 Conjure Flame            Conj/Fire      0%         6-21      100%        3
 Ignite Poison            Fire/Tmut/Pois 0%         N/A       100%        3
 Sticky Flame             Conj/Fire      0%         2d3       100%        4


Dungeon Overview and Level Annotations

Branches:
Dungeon (2/15)

Altars:

Annotations:
D:2 Crazy Yiuf


Message History

You start resting.
HP restored.
You see here a +0 short sword.
A quokka comes into view.
You hit the quokka.
The quokka is lightly wounded.
The quokka bites you but does no damage.
You hit the quokka but do no damage.
The quokka bites you but does no damage.
The quokka bites you.
You hit the quokka.
You kill the quokka!
There is an open door here.
There is a stone staircase leading up here.
You open the door.
There is an open door here.
r - a scroll labelled BOONAW VAFE
Found a mace.
Found a runed translucent door.
Crazy Yiuf shouts!
Crazy Yiuf says, "Walk eyeball light!"
You open the door. You hit Crazy Yiuf.
Crazy Yiuf is lightly wounded.
Crazy Yiuf barely misses you.
You hit Crazy Yiuf.
Crazy Yiuf is lightly wounded.
Crazy Yiuf drinks a potion.
Crazy Yiuf seems to speed up.
You hit Crazy Yiuf.
Crazy Yiuf is heavily wounded.
Crazy Yiuf hits you with a +2 quarterstaff of chaos.
You hit Crazy Yiuf.
Crazy Yiuf is severely wounded.
Crazy Yiuf hits you with a +2 quarterstaff of chaos!
You are confused.
You bump into the stone wall.
Crazy Yiuf hits you with a +2 quarterstaff of chaos!
Space warps horribly around you!
Crazy Yiuf hits you with a +2 quarterstaff of chaos.
You are electrocuted!!
You die...

...........####....#
...........# #....#
...........# ♣....♣
#####+##'### ♣♣...♣
>..........# ♣♣.♣♣
##....#.#.## ♣♣.♣
+.........# ♣.♣♣
#.......#.# ♣♣.♣
#..<.####.# ♣@♣♣
###.....#.# #g#
......#.#.. ...
...#..#.#### #...#
...'..#....# #)..#
...##.###### #####
...##..#
...##..######
#####..##...#


You could see Crazy Yiuf (fast).

Vanquished Creatures
  Terence (D:2)
  Natasha (thrice) (D:2)
  2 adders (D:2)
  A worm (D:2)
  A dart slug (D:1)
  5 bats
  2 endoplasms (D:1)
  A giant cockroach (D:2)
  4 goblins (D:1)
  5 hobgoblins
  2 jackals (D:1)
  5 quokkas
  3 ball pythons
  3 frilled lizards
  3 kobolds
  5 rats
46 creatures vanquished.

Notes
Turn   | Place    | Note
-------+----------+-------------------------------------------
     0 | D:1      | avis the Hill Orc Monk began the quest for the Orb.
     0 | D:1      | Reached XP level 1. HP: 19/19 MP: 1/1
   400 | D:1      | Reached XP level 2. HP: 12/27 MP: 2/2
   969 | D:1      | Reached skill level 5 in Axes
  1078 | D:1      | Reached XP level 3. HP: 31/33 MP: 3/3
  1747 | D:2      | Noticed Natasha
  1757 | D:2      | Killed Natasha
  1758 | D:2      | Reached XP level 4. HP: 32/41 MP: 4/4
  2292 | D:2      | Reached skill level 6 in Axes
  2453 | D:2      | Identified the ring "Qufept" {EV+4 Int+5}
  2462 | D:2      | Noticed Natasha
  2475 | D:2      | Killed Natasha
  2575 | D:2      | Noticed Terence
  2596 | D:2      | Killed Terence
  2597 | D:2      | Reached XP level 5. HP: 31/47 MP: 5/5
  2650 | D:2      | Noticed Natasha
  2664 | D:2      | Killed Natasha
  2665 | D:2      | Reached skill level 5 in Fighting
  3026 | D:2      | Found a runed translucent door.
  3027 | D:2      | Noticed Crazy Yiuf
  3035 | D:2      | Slain by Crazy Yiuf

Illustrated notes

Levels and vault maps discovered:
D:1:      minmay_arrival_up_and_down, layout_basic,
          chequers_serial_rivers_large_a
D:2:      mumra_celtic_spiral_tile, layout_basic, uniq_terence,
          uniq_crazy_yiuf_cottage, uniq_natasha

Skill      XL: |  1  2  3  4  5 |
---------------+----------------+-----
Fighting       | 4 5 |  5.0
Axes           | 5 6 |  6.8
Dodging        | |  2.4
Stealth        | |  1.5

Action                   |  1- 3 |  4- 6 || total
-------------------------+-------+-------++-------
Melee: Hand axe          |   127 |    80 ||   207
 Stab: Sleeping          |     1 |       ||     1
Armor: Robe              |    23 |     8 ||    31
       Chain mail        |       |     4 ||     4
Dodge: Dodged            |    92 |    62 ||   154

Table legend: (Time is in decaauts)
 A = Elapsed time spent in this place.
 B = Non-inter-level travel time spent in this place.
 C = Inter-level travel time spent in this place.
 D = Time resting spent in this place.
 E = Time spent auto-exploring this place.
 F = Levels seen in this place.
 G = Mean time per level.
                   A        B        C        D        E       F      G
               +--------+--------+--------+--------+--------+-----+--------+
         Total |   3058 |   3043 |     15 |   1427 |   1025 |   2 | 1529.0 |
       Dungeon |   3058 |   3043 |     15 |   1427 |   1025 |   2 | 1529.0 |
               +--------+--------+--------+--------+--------+-----+--------+

Top non-repeatable levels by time:
     D:1: 1719 daAuts
     D:2: 1339 daAuts
